 Dungeon Crawl Stone Soup version 0.30.0-30-g96aa6591b8 (webtiles) character file.

Game seed: 6666228863250453319

2436 cheesebisquit the Fighter (level 9, -5/71 HPs)
             Began as a Djinni Fire Elementalist on June 28, 2023.
             Was an Initiate of Elyvilon.
             Killed by an exploding hound (10 damage)
             ... ignited by their inner flame
             ... on level 6 of the Dungeon on June 29, 2023.
             The game lasted 00:19:21 (6471 turns).

cheesebisquit the Fighter (DjFE)                    Turns: 6471, Time: 00:19:22

Health: -5/71      AC:  2    Str:  7    XL:     9   Next: 77%
Gold:   400        EV: 13    Int: 21    God:    Elyvilon [......] SH:  5 Dex: 14

rFire   + + .        l - +0 dagger (venom)
rCold   x . .        (no shield)
rNeg    + . .        a - +0 robe
rPois   ∞            (no helmet)
rElec   .            (no cloak)
rCorr   .            (no gloves)
SInv    +            (boots unavailable)
Will    .....        d - amulet of reflection
Stlth   ++           b - ring of see invisible
HPRegen 0.31/turn    y - ring of positive energy
MPRegen 0.00/turn

%: reflection, infuse magic (-6 HP)
@: flying
A: sickness immunity, fire resistance 2, cold vulnerability 1, float, innate
caster, HP casting, extra vitality 1
a: Renounce Religion


You were on level 6 of the Dungeon.
You worshipped Elyvilon.
Elyvilon was noncommittal.
You visited 2 branches of the dungeon, and saw 9 of its levels.
You also visited: Sewer.

You collected 400 gold pieces.

Inventory:

Hand Weapons
 l - a +0 dagger of venom (weapon)
Armour
 a - a +0 robe (worn)
 n - a +1 leather armour of cold resistance
 t - a +0 kite shield
Jewellery
 b - a ring of see invisible (left hand)
 d - an amulet of reflection (around neck)
 y - a ring of positive energy (right hand)
Wands
 g - a wand of flame (13)
Scrolls
 c - 3 scrolls of identify {unknown}
 m - a scroll of vulnerability {unknown}
 o - 3 scrolls of noise
 p - a scroll of magic mapping {unknown}
 q - a scroll of teleportation {unknown}
 r - 2 scrolls of poison {unknown}
 u - 3 scrolls of fog {unknown}
 v - a scroll of enchant weapon {unknown}
 w - a scroll of brand weapon {unknown}
 A - a scroll of immolation {unknown}
Potions
 e - 4 potions of degeneration
 f - 5 potions of flight
 h - a potion of haste {unknown}
 i - 2 potions of mutation {unknown}
 j - a potion of brilliance {unknown}
 k - a potion of resistance {unknown}
 s - a potion of invisibility {unknown}
 x - 2 potions of might {unknown}
 z - 3 potions of curing


   Skills:
 + Level 8.6 Fighting
 + Level 3.3 Dodging
 - Level 1.5 Stealth
 + Level 7.1 Spellcasting


You knew the following spells:

 Your Spells              Type           Power      Damage    Failure   Level
a - Foxfire               Conj/Fire      100%       2x1d9     1%          1
b - Scorch                Fire           74%        2d8       1%          2
c - Volatile Blastmotes   Fire/Tloc      74%        2d16      1%          3
d - Inner Flame           Hex/Fire       37%        N/A       1%          3
e - Flame Wave            Conj/Fire      37%        2d10      4%          4
f - Sting                 Tmut/Pois      100%       1d8       1%          1
g - Blink                 Tloc           74%        N/A       1%          2
h - Portal Projectile     Hex/Tloc       74%        N/A       1%          3
i - Animate Dead          Necr           37%        N/A       4%          4
Your spell library was empty.

Dungeon Overview and Level Annotations

Branches:
Dungeon (8/15)             Temple (1/1) D:5           Sewer (visited)
   Lair: D:8-11

Altars:
Cheibriados
Dithmenos
Elyvilon
Fedhas
Hepliaklqana
Makhleb
Nemelex Xobeh
Okawaru
Qazlal
Ru
Trog
Uskayaw
Wu Jian
Xom
Zin
The Shining One

Shops:
D:3 (   D:8 *


Innate Abilities, Weirdness & Mutations

You are immune to sickness and miasma.
You are immune to poison.
Your flesh is very heat resistant. (rF++)
You are vulnerable to cold. (rC-)
You float through the air rather than walking.
You learn spells naturally, not from books.
Your magical power is your life essence.
You have superior vitality. (+4 MHP)


Message History

Aiming: Inner Flame (safe; 1% risk of failure)
Press: ? - help, Dir - move target, f - orc warrior, p - gnoll
Aim: an orc warrior, wielding a +0 glaive, wearing a +0 plate armour and quivering boomerangs (severely wounded, more vulnerable to fire, chance to affect: 88%)
The orc warrior barely resists.
The gnoll closely misses you.
The orc warrior throws a boomerang.
The boomerang hits you!
Casting: Inner Flame (safe; 1% risk of failure)
Confirm with . or Enter, or press ? or * to list all spells.
Flames lash the orc warrior.
The orc warrior is severely wounded.
The orc warrior closely misses you.
The gnoll hits you from afar with a +0 spear!
Casting: Scorch (safe; 1% risk of failure)
Confirm with . or Enter, or press ? or * to list all spells.
Aiming: Inner Flame (safe; 1% risk of failure)
Press: ? - help, Dir - move target, f - hound, p - orc warrior
Aim: a hound (chance to affect: 92%)
The hound is filled with an inner flame.
The hound bites you. The gnoll barely misses you.
The orc warrior hits you from afar with a +0 glaive!!
* * * LOW HITPOINT WARNING * * *
The hound misses you. The hound attacks as you move away!
You block the hound's attack. The hound barely misses you.
Okay, then.
Casting: Inner Flame (safe; 1% risk of failure)
Confirm with . or Enter, or press ? or * to list all spells.
Flames lash the gnoll.
Flame seeps out of the gnoll.
The gnoll is severely wounded.
The gnoll's fire resistance burns away.
* * * LOW HITPOINT WARNING * * *
The gnoll is engulfed in blazing flames.
The gnoll explodes!
The fiery explosion engulfs the black bear!!
The black bear is almost dead.
The fiery explosion engulfs the sleepcap!
The sleepcap is severely damaged.
The fiery explosion engulfs the hound!!!
The hound explodes!
The fiery explosion engulfs you! You resist.
You die...

.. #.................#...#.....
##....##.......#............##.#
.#... #....###########.####.....
.....###....# ###.# ######
#.......### ##...# ###...†...##
###..### ....##.#...#.. #...##
.## #........####.###
.#####.......##§@..#
.......#.....#..####
......##.....#○##
.............hf.):g#
......#..##.....##.#
.........##.....f
.........#...##... .............
.##. ...........## .# #.


You could see a black bear and a sleepcap.

Vanquished Creatures
  Psyche (D:8)
  Sigmund (D:6)
  Eustachio (D:5)
  A water moccasin (D:5)
  An ice beast (D:6)
  An ogre (D:7)
  A phantom (D:5)
  A kobold brigand (D:5)
  3 scorpions
  5 wights (D:8)
  4 killer bees (D:8)
  2 jellies
  2 orc priests (D:6)
  3 hounds
  A sleepcap (D:5)
  5 iguanas
  5 orc wizards
  2 gnolls (D:6)
  9 adders
  6 river rats (Sewer)
  4 white imps
  2 ufetubi (D:6)
  2 worms
  2 dart slugs
  27 orcs
  8 bats
  5 endoplasms
  6 giant cockroaches
  6 goblins
  5 hobgoblins
  12 jackals
  9 quokkas
  13 ball pythons
  A frilled lizard (Sewer)
  8 kobolds
  3 rats
168 creatures vanquished.

Vanquished Creatures (others)
  512 foxfires
512 creatures vanquished.

Grand Total: 680 creatures vanquished

Notes
Turn   | Place    | Note
-------+----------+-------------------------------------------
     0 | D:1      | cheesebisquit the Djinni Fire Elementalist began the quest
                  | for the Orb.
     0 | D:1      | cheesebisquit set off with the following spells memorised:
                  | Foxfire, Scorch, Volatile Blastmotes, Inner Flame, Flame
                  | Wave.
     0 | D:1      | Reached XP level 1. HP: 15/15 MP: 0/0
   132 | D:1      | Reached skill level 1 in Fighting
   132 | D:1      | Reached XP level 2. HP: 18/22 MP: 0/0
   712 | D:2      | Reached XP level 3. HP: 24/27 MP: 0/0
   712 | D:2      | Learned a level 1 spell: Sting
  1170 | D:2      | Reached skill level 2 in Fighting
  1745 | D:3      | Reached XP level 4. HP: 27/33 MP: 0/0
  1979 | D:3      | Found Oriduut's Weapon Boutique.
  2553 | D:4      | Found a shadowy altar of Dithmenos.
  2560 | D:4      | Reached XP level 5. HP: 36/40 MP: 0/0
  2560 | D:4      | Learned a level 2 spell: Blink
  2567 | D:4      | Reached skill level 3 in Fighting
  2713 | D:4      | Found a glowing golden altar of the Shining One.
  3238 | D:4      | Reached XP level 6. HP: 44/47 MP: 0/0
  3416 | D:5      | Entered Level 5 of the Dungeon
  3424 | D:5      | Reached skill level 4 in Fighting
  3484 | D:5      | Found a glowing drain.
  3498 | Sewer    | Entered a sewer
  4075 | Sewer    | Reached XP level 7. HP: 40/53 MP: 0/0
  4075 | Sewer    | Learned a level 3 spell: Portal Projectile
  4373 | D:5      | Noticed a water moccasin
  4374 | D:5      | Reached skill level 5 in Fighting
  4379 | D:5      | Killed a water moccasin
  4456 | D:5      | Found an ornate altar of the Wu Jian Council.
  4480 | D:5      | You are sucked into a shaft and drop 3 floors!
  4493 | D:8      | Reached skill level 5 in Spellcasting
  4493 | D:8      | Reached XP level 8. HP: 54/60 MP: 0/0
  4558 | D:8      | Reached skill level 6 in Fighting
  4634 | D:8      | Noticed Psyche
  4642 | D:8      | Killed Psyche
  4643 | D:8      | Reached skill level 7 in Fighting
  4902 | D:8      | Found Sexosk's Demolitions Depot.
  4935 | D:7      | Reached XP level 9. HP: 65/68 MP: 0/0
  4935 | D:7      | Learned a level 4 spell: Animate Dead
  5105 | D:5      | Found a staircase to the Ecumenical Temple.
  5105 | D:5      | Noticed Eustachio
  5150 | D:5      | Killed Eustachio
  5151 | D:5      | Reached skill level 8 in Fighting
  5955 | Temple   | Entered the Ecumenical Temple
  5969 | Temple   | Became a worshipper of Elyvilon the Healer
  6271 | D:6      | Noticed Sigmund
  6278 | D:6      | Killed Sigmund
  6471 | D:6      | Killed by an exploding hound... ignited by their inner
                  | flame

Illustrated notes

Levels and vault maps discovered:
D:1:      amcnicky_arrival_double_pillar, layout_basic, minmay_hedge_maze,
          chequers_mini_garden
D:2:      layout_basic
D:3:      layout_loops_ring, serial_shops, shop, minmay_misc_feat_cross
D:4:      layout_gridville, tso_metal_star,
          nicolae_dithmenos_through_a_glass_darkly, kennysheep_cross_room,
          nrook_uturn, minivault_24
D:5:      layout_loops_cross, mainiacjoe_overflow_boulevard,
          minmay_temple_entry_waves, portal_sewer_entry_a,
          hellmonk_bongcloud_opening, hangedman_abyss_or_decor_slice,
          uniq_eustachio
D:6:      layout_rooms, minmay_fractal_squares_diagonal_5, uniq_sigmund
D:7:      layout_gridville, evilmike_ruin_ashenzari
D:8:      layout_basic, minmay_parallelograms, chequers_avenue,
          nicolae_blasting_shop, uniq_psyche, uniq_maggie
Temple:   minmay_freezing_vapour_temple

Skill      XL: |  1  2  3  4  5  6  7  8  9 |
---------------+----------------------------+-----
Fighting       | 1 2 3 4 5 7 8 |  8.6
Spellcasting   | 3 4 5 6 7 |  7.1
Dodging        | 3 |  3.3
Stealth        | |  1.5

Action                     |  1- 3 |  4- 6 |  7- 9 || total
---------------------------+-------+-------+-------++-------
  Melee: Unarmed           |     6 |       |       ||     6
   Cast: Foxfire           |    47 |   117 |   127 ||   291
         Scorch            |    12 |    35 |    53 ||   100
         Inner Flame       |       |       |     5 ||     5
         Sting             |       |       |     4 ||     4
         Volatile Blastmot |       |       |     2 ||     2
    Use: Scroll            |       |     2 |     1 ||     3
         Potion            |       |       |    10 ||    10
 Armour: Robe              |     4 |     3 |     5 ||    12
  Dodge: Dodged            |    10 |    12 |    39 ||    61
  Block: Other             |     3 |     6 |    11 ||    20
         Reflection        |       |       |     3 ||     3
